 Dungeon Crawl Stone Soup version 0.30.1-3-gfc49f6343a (webtiles) character file.

Game seed: 12457000051199346958

543 Fodor the Covered (level 7, -6/62 HPs)
             Began as a Minotaur Fighter on July 31, 2023.
             Mangled by a wight
             ... wielding a +2 halberd of freezing
              (9 damage)
             ... on level 5 of the Dungeon.
             The game lasted 00:18:09 (3691 turns).

Fodor the Covered (Minotaur Fighter)                Turns: 3691, Time: 00:18:10

Health: -6/62      AC: 14    Str: 23    XL:     7   Next: 6%
Magic:  6/6        EV: 10    Int:  5    God:
Gold:   134        SH:  4    Dex:  9    Spells: 6/6 levels left

rFire   . . .        p - +0 war axe
rCold   . . .        c - +0 buckler
rNeg    . . .        b - +0 scale mail
rPois   .            (helmet restricted)
rElec   .            j - +2 cloak
rCorr   .            (no gloves)
SInv    .            (no boots)
Will    .....        (no amulet) Stlth
                     w - +4 ring of protection
HPRegen 0.30/turn    (no ring)
MPRegen 0.10/turn

%: no passive effects
@: weak-willed
A: horns 2, retaliatory headbutt
a: no special abilities


You were on level 5 of the Dungeon.
You visited 1 branch of the dungeon, and saw 5 of its levels.

You collected 191 gold pieces.
You spent 57 gold pieces at shops.

Inventory:

Hand Weapons
 p - a +0 war axe (weapon)
 u - a +0 shortbow
Armour
 b - a +0 scale mail (worn)
 c - a +0 buckler (worn)
 j - a +2 cloak (worn)
Jewellery
 w - a +4 ring of protection (left hand)
Scrolls
 e - a scroll of blinking {unknown}
 f - 2 scrolls of fog
 i - a scroll of immolation {unknown}
 k - a scroll of amnesia
 o - 2 scrolls of magic mapping
 q - a scroll of poison {unknown}
 t - a scroll of vulnerability
Potions
 a - a potion of mutation {unknown}
 d - 2 potions of attraction {unknown}
 g - a potion of curing {unknown}
 l - a potion of resistance {unknown}
 m - 2 potions of degeneration {unknown}
 n - a potion of lignification {unknown}
 r - 2 potions of haste {unknown}
 v - a potion of cancellation {unknown}


   Skills:
 + Level 5.6 Fighting
 + Level 3.2 Long Blades
 + Level 4.2 Axes
 + Level 5.8 Armour
 + Level 2.0 Dodging
 + Level 4.7 Shields


You had 6 spell levels left.
You didn't know any spells.
Your spell library contained the following spells:

 Spells                   Type           Power      Damage    Failure   Level
 Scorch                   Fire           0%         2d5       92%         2
 Flame Wave               Conj/Fire      0%         2d4       100%        4
 Summon Cactus Giant      Summ           0%         N/A       100%        6


Dungeon Overview and Level Annotations

Branches:
Dungeon (5/15)
 Temple: D:4-7

Altars:
Elyvilon
Fedhas
Hepliaklqana
Nemelex Xobeh
Uskayaw
Zin

Shops:
D:4 *

Annotations:
D:4 Sigmund


Innate Abilities, Weirdness & Mutations

You have a pair of horns on your head.
You reflexively headbutt those who attack you in melee.


Message History

As you read the scroll of vulnerability, it crumbles to dust.
Magic quickly surges around you.
You hear some strange, mumbled words.
A puff of flame appears from out of thin air!
The puff of flame hits you but does no damage.
The wight hits you from afar with a +2 halberd of freezing!
* * * LOW HITPOINT WARNING * * *
The wight freezes you.
* * * LOW HITPOINT WARNING * * *
You miss something. Your headbutt misses something.
Something hits you but does no damage. The wight barely misses you.
You barely miss something.
You hear some strange, mumbled words.
A puff of flame appears from out of thin air!
The puff of flame hits you but does no damage.
The wight closely misses you. The wight barely misses you.
Something hits you but does no damage.
You hit something but do no damage. You block the wight's attack.
Something hits you but does no damage.
You barely miss something. Something hits you but does no damage.
You block the wight's attack.
You miss something. Your headbutt misses something.
Something hits you but does no damage. The wight barely misses you. x2
Something hits you but does no damage.
You barely miss something. Something hits you.
* * * LOW HITPOINT WARNING * * *
The wight hits you from afar with a +2 halberd of freezing!
* * * LOW HITPOINT WARNING * * *
The wight freezes you.
* * * LOW HITPOINT WARNING * * *
You barely miss something. Your headbutt misses something.
You hear some strange, mumbled words.
A magic dart appears from out of thin air!
The magic dart hits you but does no damage.
The wight barely misses you.
You closely miss something. You headbutt something.
Reactivating autopickup.
You feel a bit more experienced.
The wight hits you from afar with a +2 halberd of freezing!
You die...

....'.))...........)...#..
..#######..#########..##..
####.##..##..##.##..####
#.......!....#..........
#.)..........#..........
#............#..........
+.....))z....+..........
##.####o##...#####+###..
#. #@# ##+# #+ ........#
........+ ........#
........# ### .####.###
... #. ... .. ... ...


You could see a wight (weak-willed) and an orc (weak-willed).

Vanquished Creatures
  Menkaure (D:5)
  An ogre (D:5)
  2 wights (D:5)
  2 iguanas
  3 orc wizards
  Terence (D:3)
  5 adders
  2 worms (D:3)
  2 dart slugs
  9 orcs
  3 ball pythons (D:1)
  4 endoplasms
  2 giant cockroaches (D:2)
  3 goblins
  5 hobgoblins
  2 jackals (D:4)
  5 quokkas
  7 bats
  3 frilled lizards (D:2)
  3 kobolds
  A kobold zombie (D:4)
  A rat (D:3)
67 creatures vanquished.

Notes
Turn   | Place    | Note
-------+----------+-------------------------------------------
     0 | D:1      | Fodor the Minotaur Fighter began the quest for the Orb.
     0 | D:1      | Reached XP level 1. HP: 19/19 MP: 0/0
   128 | D:1      | Reached XP level 2. HP: 27/27 MP: 1/1
  1237 | D:2      | Reached XP level 3. HP: 34/34 MP: 2/2
  1602 | D:3      | Found a glowing silver altar of Zin.
  1902 | D:3      | Noticed Terence
  1909 | D:3      | Killed Terence
  1910 | D:3      | Reached XP level 4. HP: 36/41 MP: 3/3
  2065 | D:3      | Reached XP level 5. HP: 33/47 MP: 4/4
  2090 | D:3      | Reached skill level 5 in Fighting
  2297 | D:4      | Found Uhuff's Assorted Antiques.
  2309 | D:4      | Bought a smoky blue potion for 18 gold pieces
  2309 | D:4      | Bought a grey potion for 18 gold pieces
  2309 | D:4      | Bought a scroll labelled GAPYPU GIOBO for 21 gold pieces
  2331 | D:4      | Reached skill level 1 in Dodging
  2514 | D:4      | Reached skill level 1 in Axes
  2524 | D:4      | Reached skill level 5 in Armour
  2591 | D:4      | Found a hazy altar of Hepliaklqana.
  2694 | D:4      | Noticed Sigmund
  2722 | D:5      | Entered Level 5 of the Dungeon
  2867 | D:4      | Found a sparkling altar of Nemelex Xobeh.
  2867 | D:4      | Found a white marble altar of Elyvilon.
  2867 | D:4      | Found a blossoming altar of Fedhas.
  2867 | D:4      | Found a hide-covered altar of Uskayaw.
  3585 | D:5      | Noticed Menkaure
  3589 | D:5      | Killed Menkaure
  3590 | D:5      | Reached XP level 6. HP: 56/56 MP: 5/5
  3678 | D:5      | Reached XP level 7. HP: 29/62 MP: 6/6
  3689 | D:5      | HP: 2/62 [wight/+2 halberd of freezing (3)]
  3691 | D:5      | Mangled by a wight

Illustrated notes

Levels and vault maps discovered:
D:1:      dpeg_arrival_round_b, layout_basic, minmay_bisected
D:2:      layout_rooms, st_stairs_14, chequers_serial_rivers_micro_b
D:3:      layout_basic, zin_scriptorium, uniq_terence
D:4:      layout_loops_cross, nicolae_overflow_hidden_temple,
          worldfamousw_hep_ancestral_shrine, serial_shops,
          nicolae_shop_overgrown_old_shop, st_stairs_9, minmay_mini_ossuary,
          uniq_sigmund
D:5:      layout_gridville, minmay_temple_entry_fiery, uniq_menkaure

Skill      XL: |  1  2  3  4  5  6 |
---------------+-------------------+-----
Fighting       | 4 5 |  5.6
Armour         | 4 5 |  5.8
Shields        | 4 |  4.7
Long Blades    | 3 |  3.2
Dodging        | 1 2 |  2.0
Axes           | 2 4 |  4.2

Action                     |  1- 3 |  4- 6 |  7- 9 || total
---------------------------+-------+-------+-------++-------
  Melee: Long sword        |    64 |       |       ||    64
         Headbutt          |    11 |    11 |     3 ||    25
         War axe           |    36 |    96 |    12 ||   144
    Use: Scroll            |     4 |     5 |     1 ||    10
         Potion            |       |     4 |       ||     4
 Armour: Scale mail        |    95 |    82 |    11 ||   188
  Dodge: Dodged            |    79 |    47 |     9 ||   135
  Block: Buckler           |    41 |    23 |     3 ||    67
